 Dungeon Crawl Stone Soup version 0.31-a0-1074-g0b22e4e0f1 (webtiles) character file.

Game seed: 17495428526262189412

2618 Gelion the Martial Artist (level 9, -1/60 HPs)
             Began as an Octopode Shapeshifter on Nov 28, 2023.
             Slain by a hound (4 damage)
             ... on level 7 of the Dungeon.
             The game lasted 00:16:22 (6611 turns).

Gelion the Martial Artist (Octopode Shapeshifter)   Turns: 6611, Time: 00:16:24

Health: -1/60      AC:  1    Str: 13    XL:     9   Next: 60%
Magic:  9/9        EV: 13    Int: 12    God:
Gold:   438        SH:  5    Dex: 16    Spells: 8/8 levels left

rFire   . .          .
                       - Unarmed
rCold   . . .        (shield currently unavailable)
rNeg    . . .        (helmet restricted)
rPois   .            g - amulet of reflection
rElec   .            (no ring)
rCorr   .            (no ring)
SInv    .            (no ring)
Will    .....        (no ring)
Stlth   +            (no ring)
HPRegen 0.30/turn    (no ring)
MPRegen 0.11/turn    (no ring)
                     (no ring)

%: reflection
@: lethally poisoned (-1 -> -4), flux-form, attractive, glowing, studying
Polearms
A: glow, contaminating, reduced hp, almost no armour, amphibious, 8 rings,
camouflage 1, gelatinous body 1, (nimble swimmer 1), tentacles
a: Begin Untransformation


You were on level 7 of the Dungeon.
You were something dangerously unstable.
You visited 2 branches of the dungeon, and saw 8 of its levels.
You also visited: Sewer.

You collected 438 gold pieces.

Inventory:

Missiles
 d - 2 curare-tipped darts
Armour
 o - a +2 buckler
Jewellery
 g - an amulet of reflection (around mantle)
 l - a ring of wizardry
Talismans
 c - a flux talisman (active)
Wands
 r - a wand of digging (9)
 t - a wand of flame (13)
Scrolls
 b - a scroll of blinking
 f - 3 scrolls of teleportation
 h - 2 scrolls of amnesia
 i - 3 scrolls of enchant weapon
Potions
 a - 2 potions of lignification
 k - 2 potions of enlightenment
 n - a potion of mutation {unknown}
 p - a potion of attraction
 q - a potion of invisibility {unknown}


   Skills:
 + Level 6.4 Fighting
 - Level 2.0 Dodging
 * Level 9.6 Unarmed Combat
 + Level 6.5 Shapeshifting


You had 8 spell levels left.
You didn't know any spells.
Your spell library contained the following spells:

 Spells                   Type           Power      Damage    Failure   Level
 Blink                    Tloc           0%         N/A       45%         2
 Ignite Poison            Fire/Tmut/Pois 0%         N/A       69%         3
 Manifold Assault         Tloc           0%         N/A       97%         4
 Sticky Flame             Conj/Fire      0%         2d3       97%         4
 Ignition                 Fire           0%         3d3       100%        8


Dungeon Overview and Level Annotations

Branches:
Dungeon (7/15)             Temple (1/1) D:5           Sewer (visited)

Altars:
Ashenzari
Cheibriados
Dithmenos
Elyvilon
Fedhas
Hepliaklqana
Kikubaaqudgha
Makhleb
Nemelex Xobeh
Qazlal
Ru
Sif Muna
Trog
Vehumet
Wu Jian
Yredelemnul
Zin
The Shining One

Shops:
D:1 :   D:4 =   D:5 *

Annotations:
D:4 1 runed translucent door, kd29's ghost, novice MfSh


Innate Abilities, Weirdness & Mutations

You are something dangerously unstable.
You glow with magical radiation, making you easy to see and hit.
Foes you strike become dangerously contaminated with magical radiation.
Your maximum health is decreased, since you lack skill for your form.
You are incapable of wielding weapons or throwing items.
You cannot wear most types of armour.
You are amphibious.
You can wear up to eight rings at the same time.
Your skin changes colour to match your surroundings (Stealth+).
Your rubbery body absorbs attacks. (AC +1, EV +1)
((You are camouflaged when in or above water. (Stealth+)))
You have tentacles for arms and can constrict up to eight enemies at once.


Message History

You bludgeon the killer bee!
The killer bee begins to glow.
You grab the killer bee. Your squeeze misses the killer bee.
The killer bee is heavily wounded.
You constrict the killer bee.
You feel sick. You block the killer bee's attack.
You tentacle-slap the killer bee but do no damage.
The killer bee glows dangerously bright.
You squeeze the killer bee.
The killer bee is severely wounded.
You constrict the killer bee.
You feel sick. The killer bee barely misses you. The killer bee stings you!
* * * LOW HITPOINT WARNING * * *
You are more poisoned.
The killer bee poisons you!
You barely miss the killer bee.
The killer bee is almost dead.
You constrict the killer bee.
You kill the killer bee!
* * * LOW HITPOINT WARNING * * *
You feel very sick. The hound barely misses you.
It was a potion of attraction.
You feel attractive to monsters.
* * * LOW HITPOINT WARNING * * *
You feel very sick. The hound misses you.
It was a potion of might.
You feel very mighty all of a sudden.
* * * LOW HITPOINT WARNING * * *
You feel sick. The hound barely misses you. The hound bites you.
* * * LOW HITPOINT WARNING * * *
It was a potion of magic.
Magic courses through your body.
* * * LOW HITPOINT WARNING * * *
You feel sick. You block the hound's attack.
It was a potion of cancellation.
Your magical effects are unravelling.
You feel magically purged.
You feel a little less mighty now.
* * * LOW HITPOINT WARNING * * *
You feel sick. The hound closely misses you. The hound bites you.
You die...

######### #.......#
#.......# #.......###
#.......##.
#.......##) #.#####
#<.%.>..... #..yh†#
#.......##.
#####p####
#......!..[
#........#
#<.......##
#.#....#.#
########### ##.#.# ..
..#######
#..#.#######.#....#
##.#......#..#.##.#
#...>..##.#....##.##
#######.## #..####...
.........#.#...###.#.


You could see a hound and a killer bee.

Vanquished Creatures
  Grinder (D:3)
  A steam dragon (D:6)
  Edmund (D:6)
  An ice beast (D:5)
  A sky beast (D:7)
  3 black bears
  2 ogres
  A phantom (D:6)
  A centaur (D:6)
  3 kobold brigands (Sewer)
  2 bullfrogs (D:6)
  A scorpion (D:4)
  4 killer bees
  3 orc priests
  2 jellies
  A gnoll bouda (D:5)
  3 hounds
  Jessica (D:3)
  2 iguanas
  2 orc wizards
  11 gnolls
  12 adders
  2 river rats (D:5)
  2 ufetubi (D:6)
  7 worms
  5 dart slugs
  29 orcs
  11 ball pythons
  11 endoplasms
  5 giant cockroaches
  6 goblins
  8 hobgoblins
  2 jackals (D:4)
  6 quokkas
  7 bats
  2 frilled lizards
  15 kobolds
  19 rats
196 creatures vanquished.

Notes
Turn   | Place    | Note
-------+----------+-------------------------------------------
     0 | D:1      | Gelion the Octopode Shapeshifter began the quest for the
                  | Orb.
     0 | D:1      | Reached XP level 1. HP: 13/13 MP: 1/1
    97 | D:1      | Reached XP level 2. HP: 15/18 MP: 2/2
   441 | D:1      | Reached XP level 3. HP: 23/23 MP: 3/3
   649 | D:1      | Found Tuopp's Book Shop.
  1266 | D:2      | Reached skill level 4 in Unarmed Combat
  1266 | D:2      | Reached XP level 4. HP: 20/29 MP: 4/4
  1397 | D:2      | Found a faded altar of an unknown god.
  1724 | D:2      | Reached XP level 5. HP: 35/35 MP: 5/5
  1978 | D:3      | Noticed Grinder
  1989 | D:3      | Killed Grinder
  1990 | D:3      | Reached skill level 5 in Unarmed Combat
  1990 | D:3      | Reached XP level 6. HP: 37/42 MP: 6/6
  1992 | D:3      | Noticed Jessica
  2004 | D:3      | Killed Jessica
  2570 | D:4      | Reached XP level 7. HP: 16/46 MP: 7/7
  2653 | D:4      | Found a runed translucent door.
  2661 | D:4      | Noticed kd29's ghost (novice MfSh)
  2676 | D:4      | Found Mokh's Jewellery Boutique.
  2682 | D:4      | Reached skill level 6 in Unarmed Combat
  3107 | D:5      | Entered Level 5 of the Dungeon
  3209 | D:5      | Found a glowing drain.
  3255 | Sewer    | Entered a sewer
  3374 | Sewer    | Reached XP level 8. HP: 51/54 MP: 8/8
  3524 | Sewer    | Reached skill level 5 in Shapeshifting
  3579 | Sewer    | Reached skill level 7 in Unarmed Combat
  3974 | D:5      | Found a staircase to the Ecumenical Temple.
  3989 | D:5      | Found Cyom's Overcharged Wands.
  4029 | Temple   | Entered the Ecumenical Temple
  4304 | D:5      | Reached skill level 5 in Fighting
  4431 | D:6      | Reached skill level 8 in Unarmed Combat
  4529 | D:6      | Noticed Edmund
  4550 | D:6      | Killed Edmund
  4667 | D:6      | Reached XP level 9. HP: 43/61 MP: 9/9
  5690 | D:7      | Reached skill level 9 in Unarmed Combat
  6611 | D:7      | HP: 3/60 [poisoned by a killer bee]
  6611 | D:7      | Slain by a hound

Illustrated notes

Levels and vault maps discovered:
D:1:      lightli_arrival_statue_moat, layout_basic, serial_shops,
          nicolae_shop_back_alley_shop
D:2:      layout_basic, ebering_ecumenical_altar_webs,
          hangedman_decor_clover_reticule
D:3:      layout_rooms, uniq_jessica, uniq_grinder
D:4:      layout_basic, serial_shops, shop, ebering_ghost_sewer_d,
          minmay_misc_feat_roman, minmay_manual_mail
D:5:      layout_basic, minmay_temple_entry_glass, portal_sewer_entry_b,
          nrook_campfire, nicolae_shop_overcharged_wands
D:6:      layout_basic, serial_corexii_hall, corexii_hall_statues_x,
          corexii_hall_statues_i, corexii_hall_statues_i,
          corexii_hall_statues_x, corexii_hall_statues_i,
          corexii_hall_statues_t, grunt_ministairs_8, uniq_edmund
D:7:      layout_basic, serial_library_hellmonk_room_c, serial_bayou_pond_a,
          nicolae_twisty_statue_hallways
Temple:   mainiacjoe_temple_coin_purse

Skill      XL: |  1  2  3  4  5  6  7  8  9 |
---------------+----------------------------+-----
Fighting       | 2 3 4 5 6 |  6.4
Unarmed Combat | 4 5 6 8 9 |  9.6
Shapeshifting  | 4 5 6 |  6.5
Dodging        | |  2.0

Action                     |  1- 3 |  4- 6 |  7- 9 || total
---------------------------+-------+-------+-------++-------
  Melee: Unarmed           |    68 |    91 |   245 ||   404
         Constrict         |    15 |    22 |    61 ||    98
         Tentacles         |    10 |    19 |    64 ||    93
         Punch             |     1 |     3 |     9 ||    13
  Throw: Dart              |       |       |     4 ||     4
         Throwing net      |       |       |     1 ||     1
    Use: Scroll            |     3 |     6 |     7 ||    16
         Potion            |       |       |     4 ||     4
   Stab: Sleeping          |    10 |     7 |    24 ||    41
         Distracted        |     1 |       |     1 ||     2
 Armour: Skin              |    25 |    30 |   117 ||   172
  Dodge: Dodged            |    37 |    44 |   123 ||   204
  Block: Other             |       |       |    18 ||    18
   Form: Flux              |       |       |     1 ||     1

Table legend: (Time is in decaauts)
 A = Elapsed time spent in this place.
 B = Non-inter-level travel time spent in this place.
 C = Inter-level travel time spent in this place.
 D = Time resting spent in this place.
 E = Time spent auto-exploring this place.
 F = Levels seen in this place.
 G = Mean time per level.
                   A        B        C        D        E       F      G
               +--------+--------+--------+--------+--------+-----+--------+
         Total |   6569 |   6343 |    226 |    478 |   4537 |   9 |  729.9 |
       Dungeon |   5979 |   5776 |    203 |    478 |   4171 |   7 |  854.1 |
        Temple |     24 |      1 |     23 |      0 |      0 |   1 |   24.0 |
         Sewer |    565 |    565 |      0 |      0 |    366 |   1 |  565.0 |
               +--------+--------+--------+--------+--------+-----+--------+

Top non-repeatable levels by time:
     D:6: 1598 daAuts
     D:1: 925 daAuts
     D:2: 893 daAuts
     D:4: 730 daAuts
     D:3: 651 daAuts
     D:5: 600 daAuts
     D:7: 580 daAuts
   Sewer: 565 daAuts
  Temple: 24 daAuts
